[ AOE2 MATCH · #495279880 ]
UnrankedHuns vs Japanese
Player's team · WIN
Rival team · LOSS
[ REPLAY ANALYSIS · EXTRACTED FROM THE RECORDED GAME ]
Feudal
11:47
Castle
15:52
Imperial
—
| APM avg | 79.0 |
| APM peak | 122 |
| eAPM avg | 34.8 |
| Villagers / military | 44 / 30 |
Focus
⚔️ 55.6% · 🌾 44.4%
Cavalry Archer ×26 · Archer ×2 · Militia ×2
Feudal
9:01
Castle
—
Imperial
—
| APM avg | 37.6 |
| APM peak | 93 |
| eAPM avg | 24.1 |
| Villagers / military | 78 / 6 |
Focus
⚔️ 37.5% · 🌾 62.5%
Militia ×6
Match map
Initial resources + every placement click. Lines = walls · curves = elevation contours. ◆ gold · ⬟ stone · ● berries · ✦ relic · ◌ wall gap
Your base· Open — opponent sealed themselves in
chanchanvn's base· ✓ Closed at 22:30 · 61t walls · no gate
Smoothed initial terrain · ◌ = detected wall gap · hover for details
Inputs per minute
— Dark_aoe - - chanchanvn
Build order — Dark_aoe
125 actions detected in the replay
| 0:00 | Queue | Villager (Male) |
| 0:11 | Queue | Villager (Male) ×3 |
| 1:29 | Queue | Villager (Male) |
| 1:29 | Queue | Villager (Male) |
| 1:52 | Queue | Villager (Male) |
| 2:13 | Queue | Villager (Male) |
| 2:20 | Build | Lumber Camp |
| 2:45 | Queue | Villager (Male) |
| 3:17 | Queue | Villager (Male) |
| 3:17 | Queue | Villager (Male) |
| 3:18 | Queue | Villager (Male) |
| 3:46 | Queue | Villager (Male) |
| 4:33 | Queue | Villager (Male) |
| 4:54 | Queue | Villager (Male) |
| 5:06 | Build | Barracks |
| 5:16 | Queue | Villager (Male) |
| 5:48 | Queue | Villager (Male) |
| 5:48 | Queue | Villager (Male) |
| 5:58 | Queue | Militia |
| 6:07 | Build | Mill |
| 6:17 | Queue | Militia |
| 6:30 | Queue | Villager (Male) |
| 7:00 | Build | Mill |
| 7:02 | Queue | Villager (Male) |
| 7:28 | Queue | Villager (Male) |
| 7:31 | Build | Farm |
| 7:49 | Queue | Villager (Male) |
| 8:20 | Queue | Villager (Male) |
| 8:39 | Queue | Villager (Male) |
| 9:12 | Research | Loom |
| 9:37 | Research | Feudal Age |
| 9:38 | Build | Palisade Wall |
| 9:39 | Build | Palisade Wall |
| 10:00 | Build | Farm |
| 10:02 | Build | Farm |
| 10:20 | Build | Palisade Wall |
| 10:34 | Build | Farm |
| 10:49 | Build | Palisade Wall |
| 11:19 | Build | Mining Camp |
| 11:24 | Build | Palisade Wall |
| 11:35 | Build | Palisade Wall |
| 11:39 | Build | Palisade Wall |
| 11:47 | Age | Feudal Age |
| 11:52 | Build | Palisade Wall |
| 11:54 | Build | Palisade Wall |
| 11:55 | Queue | Villager (Male) |
| 12:00 | Build | Archery Range |
| 12:10 | Build | Blacksmith |
| 12:15 | Queue | Villager (Male) |
| 12:18 | Build | Stone Wall |
| 12:39 | Build | Stone Wall |
| 13:12 | Research | Castle Age |
| 13:13 | Research | Castle Age |
| 13:13 | Research | Castle Age |
| 13:41 | Queue | Archer |
| 13:42 | Queue | Archer |
| 14:04 | Research | Fletching |
| 14:04 | Research | Fletching |
| 14:04 | Research | Fletching |
| 14:27 | Queue | Villager (Male) |
| 14:31 | Build | Farm |
| 14:37 | Build | Farm |
| 15:08 | Build | Archery Range |
| 15:13 | Queue | Villager (Male) |
| 15:33 | Research | Double-Bit Axe |
| 15:52 | Age | Castle Age |
| 15:55 | Queue | Cavalry Archer |
| 15:59 | Queue | Cavalry Archer |
| 16:15 | Build | Archery Range |
| 16:30 | Queue | Cavalry Archer |
| 16:44 | Build | Watch Tower |
| 16:44 | Queue | Villager (Male) |
| 17:06 | Queue | Cavalry Archer |
| 17:08 | Queue | Villager (Male) |
| 17:11 | Queue | Cavalry Archer |
| 17:41 | Build | Lumber Camp |
| 17:46 | Build | Farm |
| 18:01 | Queue | Villager (Male) |
| 18:06 | Queue | Cavalry Archer |
| 18:06 | Queue | Cavalry Archer |
| 18:29 | Queue | Villager (Male) |
| 18:38 | Queue | Cavalry Archer |
| 18:38 | Queue | Cavalry Archer |
| 18:48 | Queue | Villager (Male) |
| 18:59 | Queue | Cavalry Archer |
| 19:00 | Queue | Cavalry Archer |
| 19:05 | Queue | Cavalry Archer |
| 19:27 | Queue | Villager (Male) |
| 19:27 | Queue | Villager (Male) |
| 19:42 | Queue | Cavalry Archer |
| 19:52 | Queue | Villager (Male) |
| 19:54 | Queue | Cavalry Archer |
| 19:57 | Build | Farm |
| 20:08 | Queue | Cavalry Archer |
| 20:08 | Queue | Cavalry Archer |
| 20:19 | Queue | Villager (Male) |
| 20:23 | Build | Farm |
| 20:55 | Queue | Villager (Male) |
| 20:57 | Build | Farm |
| 20:57 | Queue | Cavalry Archer |
| 20:58 | Queue | Cavalry Archer |
| 21:01 | Build | Farm |
| 21:05 | Build | Farm |
| 21:07 | Build | Farm |
| 21:09 | Queue | Cavalry Archer |
| 21:09 | Queue | Cavalry Archer |
| 21:20 | Queue | Cavalry Archer |
| 21:20 | Queue | Cavalry Archer |
| 21:22 | Queue | Villager (Male) |
| 21:45 | Queue | Villager (Male) |
| 21:49 | Queue | Cavalry Archer |
| 21:49 | Queue | Cavalry Archer |
| 22:01 | Build | Farm |
| 22:06 | Build | Lumber Camp |
| 22:11 | Queue | Villager (Male) |
| 22:12 | Build | Farm |
| 22:23 | Queue | Cavalry Archer |
| 22:23 | Queue | Cavalry Archer |
| 22:37 | Queue | Villager (Male) |
| 22:44 | Build | Siege Workshop |
| 22:57 | Queue | Villager (Male) |
| 23:18 | Build | Farm |
| 23:22 | Research | Bodkin Arrow |
| 23:36 | Build | Market |
| 23:46 | Queue | Villager (Male) |
Build order — chanchanvn
First 150 of 157 actions detected
| 0:03 | Queue | Villager (Male) |
| 0:04 | Queue | Villager (Male) |
| 0:04 | Queue | Villager (Male) |
| 0:06 | Build | House |
| 0:08 | Build | House |
| 0:19 | Queue | Villager (Male) |
| 1:34 | Queue | Villager (Male) |
| 1:34 | Queue | Villager (Male) |
| 1:48 | Build | Lumber Camp |
| 2:02 | Queue | Villager (Male) |
| 2:02 | Queue | Villager (Male) |
| 2:19 | Queue | Villager (Male) |
| 2:20 | Queue | Villager (Male) |
| 2:50 | Queue | Villager (Male) |
| 2:50 | Queue | Villager (Male) |
| 3:19 | Queue | Villager (Male) |
| 3:19 | Queue | Villager (Male) |
| 3:44 | Queue | Villager (Male) |
| 3:44 | Queue | Villager (Male) |
| 3:53 | Build | House |
| 4:09 | Queue | Villager (Male) |
| 4:09 | Queue | Villager (Male) |
| 4:14 | Build | Mill |
| 4:28 | Queue | Villager (Male) |
| 4:43 | Build | House |
| 4:52 | Queue | Villager (Male) |
| 4:52 | Queue | Villager (Male) |
| 5:15 | Queue | Villager (Male) |
| 5:16 | Queue | Villager (Male) |
| 5:20 | Queue | Villager (Male) |
| 5:52 | Research | Loom |
| 6:00 | Build | Barracks |
| 6:51 | Research | Feudal Age |
| 6:51 | Research | Feudal Age |
| 6:54 | Build | House |
| 7:06 | Queue | Militia |
| 7:06 | Queue | Militia |
| 7:16 | Build | Palisade Wall |
| 7:32 | Queue | Militia |
| 7:32 | Queue | Militia |
| 7:57 | Queue | Militia |
| 8:24 | Queue | Villager (Male) |
| 8:27 | Build | House |
| 8:28 | Build | Palisade Wall |
| 8:55 | Queue | Villager (Male) |
| 9:01 | Age | Feudal Age |
| 9:02 | Queue | Villager (Male) |
| 9:16 | Build | Palisade Wall |
| 9:34 | Queue | Villager (Male) |
| 9:34 | Queue | Villager (Male) |
| 9:35 | Queue | Villager (Male) |
| 9:35 | Queue | Villager (Male) |
| 9:35 | Queue | Villager (Male) |
| 9:45 | Build | House |
| 10:07 | Build | Watch Tower |
| 10:07 | Queue | Villager (Male) |
| 10:29 | Build | Palisade Wall |
| 10:31 | Queue | Villager (Male) |
| 10:31 | Queue | Villager (Male) |
| 10:39 | Research | Man-at-Arms (upgrade) |
| 10:40 | Research | Double-Bit Axe |
| 10:40 | Research | Double-Bit Axe |
| 10:41 | Queue | Villager (Male) |
| 10:41 | Queue | Villager (Male) |
| 10:49 | Queue | Villager (Male) |
| 10:53 | Build | Palisade Gate |
| 11:02 | Build | Palisade Wall |
| 11:04 | Build | Farm |
| 11:09 | Build | Mill |
| 11:12 | Build | Palisade Wall |
| 11:20 | Build | Farm |
| 11:22 | Queue | Villager (Male) |
| 11:22 | Queue | Villager (Male) |
| 11:25 | Build | Palisade Wall |
| 11:51 | Build | Palisade Wall |
| 12:17 | Build | Mining Camp |
| 12:26 | Build | Palisade Wall |
| 12:34 | Queue | Villager (Male) |
| 12:45 | Build | Farm |
| 12:54 | Queue | Villager (Male) |
| 13:20 | Build | Farm |
| 13:22 | Queue | Villager (Male) |
| 13:25 | Build | Farm |
| 13:36 | Queue | Militia |
| 13:58 | Build | Watch Tower |
| 14:00 | Queue | Villager (Male) |
| 14:02 | Build | Farm |
| 14:06 | Build | House |
| 14:11 | Build | House |
| 14:15 | Queue | Villager (Male) |
| 14:16 | Queue | Villager (Male) |
| 14:18 | Build | Farm |
| 14:41 | Queue | Villager (Male) |
| 14:49 | Queue | Villager (Male) |
| 14:49 | Queue | Villager (Male) |
| 14:53 | Build | Farm |
| 14:55 | Build | Farm |
| 15:09 | Build | Palisade Wall |
| 15:12 | Build | Palisade Wall |
| 15:24 | Build | Palisade Wall |
| 15:36 | Queue | Villager (Male) |
| 15:37 | Queue | Villager (Male) |
| 15:57 | Build | Palisade Wall |
| 16:02 | Queue | Villager (Male) |
| 16:06 | Build | Farm |
| 16:19 | Build | Watch Tower |
| 16:29 | Queue | Villager (Male) |
| 16:29 | Queue | Villager (Male) |
| 16:31 | Build | Farm |
| 16:54 | Queue | Villager (Male) |
| 16:54 | Queue | Villager (Male) |
| 16:57 | Build | Farm |
| 17:05 | Queue | Villager (Male) |
| 17:07 | Build | Farm |
| 17:33 | Queue | Villager (Male) |
| 17:37 | Queue | Villager (Male) |
| 17:43 | Build | Watch Tower |
| 17:59 | Queue | Villager (Male) |
| 18:00 | Queue | Villager (Male) |
| 18:00 | Queue | Villager (Male) |
| 18:00 | Queue | Villager (Male) |
| 18:00 | Queue | Villager (Male) |
| 18:04 | Build | House |
| 18:09 | Build | Palisade Wall |
| 18:17 | Build | Palisade Wall |
| 18:32 | Queue | Villager (Male) |
| 18:32 | Queue | Villager (Male) |
| 18:32 | Queue | Villager (Male) |
| 18:38 | Queue | Villager (Male) |
| 18:40 | Build | Farm |
| 18:42 | Build | Farm |
| 18:43 | Queue | Villager (Male) |
| 18:43 | Queue | Villager (Male) |
| 18:43 | Queue | Villager (Male) |
| 18:43 | Queue | Villager (Male) |
| 18:47 | Build | Mining Camp |
| 19:10 | Queue | Villager (Male) |
| 19:14 | Build | Blacksmith |
| 19:17 | Build | Farm |
| 19:43 | Queue | Villager (Male) |
| 19:56 | Build | Lumber Camp |
| 20:27 | Queue | Villager (Male) |
| 21:28 | Build | Stone Wall |
| 22:01 | Build | Archery Range |
| 22:08 | Build | Watch Tower |
| 22:30 | Research | Castle Age |
| 22:30 | Research | Castle Age |
| 22:40 | Build | Lumber Camp |
| 22:55 | Build | House |
| 23:22 | Build | Lumber Camp |
Match timeline
| 5:06 | Dark_aoe · first_building Barracks |
| 6:00 | chanchanvn · first_building Barracks |
| 7:16 | chanchanvn · wall_segment Palisade Wall x5 |
| 8:28 | chanchanvn · wall_segment Palisade Wall x7 |
| 9:01 | chanchanvn · age_up feudal |
| 9:16 | chanchanvn · wall_segment Palisade Wall x1 |
| 9:38 | Dark_aoe · wall_segment Palisade Wall x1 |
| 9:39 | Dark_aoe · wall_segment Palisade Wall x1 |
| 10:20 | Dark_aoe · wall_segment Palisade Wall x3 |
| 10:29 | chanchanvn · wall_segment Palisade Wall x6 |
| 10:49 | Dark_aoe · wall_segment Palisade Wall x7 |
| 11:02 | chanchanvn · wall_segment Palisade Wall x1 |
| 11:12 | chanchanvn · wall_segment Palisade Wall x2 |
| 11:24 | Dark_aoe · wall_segment Palisade Wall x1 |
| 11:25 | chanchanvn · wall_segment Palisade Wall x4 |
| 11:35 | Dark_aoe · wall_segment Palisade Wall x1 |
| 11:39 | Dark_aoe · wall_segment Palisade Wall x4 |
| 11:47 | Dark_aoe · age_up feudal |
| 11:51 | chanchanvn · wall_segment Palisade Wall x6 |
| 11:52 | Dark_aoe · wall_segment Palisade Wall x1 |
| 11:54 | Dark_aoe · wall_segment Palisade Wall x1 |
| 12:00 | Dark_aoe · first_building Archery Range |
| 12:18 | Dark_aoe · wall_segment Stone Wall x3 |
| 12:26 | chanchanvn · wall_segment Palisade Wall x15 |
| 12:39 | Dark_aoe · wall_segment Stone Wall x5 |
| 15:09 | chanchanvn · wall_segment Palisade Wall x3 |
| 15:12 | chanchanvn · wall_segment Palisade Wall x7 |
| 15:24 | chanchanvn · wall_segment Palisade Wall x1 |
| 15:52 | Dark_aoe · age_up castle |
| 15:57 | chanchanvn · wall_segment Palisade Wall x1 |
| 18:09 | chanchanvn · wall_segment Palisade Wall x1 |
| 18:17 | chanchanvn · wall_segment Palisade Wall x1 |
| 21:28 | chanchanvn · wall_segment Stone Wall x1 |
| 22:01 | chanchanvn · first_building Archery Range |
| 22:44 | Dark_aoe · first_building Siege Workshop |
| 24:06 | chanchanvn · resign |
[ AI ANALYSIS · 1 CREDIT ]
What really happened in this match?
Wolo.gg analyzes every decision: build order, eco, micro, common mistakes by bracket. Personalized analysis on WhatsApp or Discord in 30 seconds.
Civ guide
Huns
Perfil
Jugador #1407942